 Dungeon Crawl Stone Soup version 0.28.0 (webtiles) character file.

Game seed: 128343353858033096

402 Host24 the Bolt Thrower (level 7, 0/40 (41) HPs)
             Began as a Kobold Hunter on Mar 5, 2022.
             Was an Initiate of Okawaru.
             Slain by a wight (9 damage)
             ... on level 6 of the Dungeon.
             The game lasted 00:09:27 (5673 turns).

Host24 the Bolt Thrower (Kobold Hunter)             Turns: 5673, Time: 00:09:28

HP:   0/40 (41)     AC:  3    Str: 11    XL:     7   Next: 11%
MP:   10/10         EV: 15    Int: 12    God:    Okawaru [......]
Gold: 160           SH:  0    Dex: 16    Spells: 6/6 levels left

rFire   . . .      SeeInvis .   a - +1 hand crossbow
rCold   . . .      Faith    .   (no shield)
rNeg    . . .      Spirit   .   c - +0 leather armour
rPois   .          Reflect  .   (no helmet)
rElec   .          Harm     .   (no cloak)
rCorr   .          Rampage  .   (no gloves)
Will    +....                   (no boots)
Stlth   +++.......              (no amulet)
HPRegen 0.13/turn               o - ring of willpower
MPRegen 0.12/turn               (no ring)

@: lightly drained
A: small, no large weapons, nightstalker 3
a: Renounce Religion


You were on level 6 of the Dungeon.
You worshipped Okawaru.
Okawaru was noncommittal.
You visited 1 branch of the dungeon, and saw 5 of its levels.

You collected 160 gold pieces.

Inventory:

Hand Weapons
 a - a +1 hand crossbow (weapon)
 b - a +2 morningstar of freezing
 h - a +0 dagger of freezing
 u - a +4 flail
Missiles
 d - 73 bolts (quivered ammo)
 e - 134 stones
 g - 8 poisoned darts
 m - 32 sling bullets
 t - 17 arrows
 w - 3 boomerangs
Armour
 c - a +0 leather armour (worn)
Jewellery
 o - a ring of willpower (left hand)
Scrolls
 f - a scroll of immolation {unknown}
 l - a scroll of vulnerability {unknown}
 p - a scroll of torment {unknown}
 q - a scroll of acquirement {unknown}
 v - 3 scrolls of identify {unknown}
 x - a scroll of blinking {unknown}
Potions
 i - a potion of haste {unknown}
 j - 2 potions of flight {unknown}
 k - a potion of curing {unknown}
 n - a potion of might {unknown}
 r - 2 potions of ambrosia {unknown}
 s - 2 potions of lignification {unknown}


   Skills:
 - Level 3.0 Fighting
 + Level 7.6 Crossbows
 - Level 3.0 Dodging
 - Level 1.3 Stealth
 - Level 4.2 Invocations


You had 6 spell levels left.
You didn't know any spells.
Your spell library was empty.

Dungeon Overview and Level Annotations

Branches:
Dungeon (4/15)             Temple (0/1) D:4

Altars:
Okawaru
Uskayaw

Shops:
D:2 (


Innate Abilities, Weirdness & Mutations

You are small and have problems with some larger weapons.
You are completely attuned to the shadows.


Message History

d - 76 bolts (gained 1)
Found an escape hatch in the floor.
d - 77 bolts (gained 1)
Found 8 gold pieces.
You now have 160 gold pieces (gained 8).
A sourceless malevolence fills the Dungeon...
You fall into a shaft and drop 2 floors!
The shaft crumbles and collapses. 3 wights come into view.
Found 16 sling bullets.
a - a +1 hand crossbow (weapon)
Fire: 77 bolts
Press: ? - help, Q - select action, (/) - cycle Shift-Dir - straight line, f - wight
Aim: a wight, wielding a +3 mace and wearing a +0 robe (68% to hit)
You shoot a bolt. The bolt hits the wight!
The wight is heavily damaged.
Unknown command.
Fire: 76 bolts
Press: ? - help, Q - select action, (/) - cycle Shift-Dir - straight line, f/p - wight
Aim: a wight, wielding a +3 mace and wearing a +0 robe (heavily damaged, 68% to hit)
You shoot a bolt. The bolt barely misses the wight.
The wight hits you with a +3 mace.
* * * LOW HITPOINT WARNING * * *
You feel drained.
* * * LOW HITPOINT WARNING * * *
Fire: 75 bolts
Press: ? - help, Q - select action, (/) - cycle Shift-Dir - straight line, f/p - wight
Aim: a wight, wielding a +3 mace and wearing a +0 robe (heavily damaged, 68% to hit)
You shoot a bolt.
The bolt hits the wight but does no damage.
The wight is heavily damaged.
The wight closely misses you.
Fire: 74 bolts
Press: ? - help, Q - select action, (/) - cycle Shift-Dir - straight line, f/p - wight
Aim: a wight, wielding a +3 mace and wearing a +0 robe (moderately damaged, 68% to hit)
You shoot a bolt.
The bolt hits the wight but does no damage.
The wight is moderately damaged.
The wight hits you with a +3 mace!
You die...

########..
#.@......(
#.z.......
#.(.....z.
#.........
#.(.....z.


You could see a wight.

Vanquished Creatures
  An ogre (D:4)
  A phantom (D:4)
  An orc priest (D:4)
  Terence (D:3)
  A hound skeleton (D:4)
  4 gnolls (D:2)
  5 adders
  2 adder skeletons
  A worm (D:2)
  10 orcs
  10 ball pythons
  5 endoplasms
  4 giant cockroaches
  10 goblins
  5 hobgoblins
  3 quokkas
  4 bats
  3 frilled lizards (D:2)
  6 kobolds
  3 rats
80 creatures vanquished.

Notes
Turn   | Place    | Note
-------+----------+-------------------------------------------
     0 | D:1      | Host24 the Kobold Hunter began the quest for the Orb.
     0 | D:1      | Reached XP level 1. HP: 12/12 MP: 1/1
   285 | D:1      | Reached skill level 5 in Crossbows
   551 | D:1      | Found a faded altar of an unknown god.
   571 | D:1      | Reached XP level 2. HP: 18/18 MP: 2/2
  1767 | D:2      | Reached XP level 3. HP: 14/23 MP: 3/3
  1952 | D:2      | Found Uxenlapa's Weapon Shop.
  2465 | D:2      | Reached XP level 4. HP: 26/28 MP: 4/4
  2621 | D:2      | Reached skill level 6 in Crossbows
  3039 | D:2      | Reached XP level 5. HP: 17/32 MP: 5/5
  3830 | D:3      | Found an iron altar of Okawaru.
  3842 | D:3      | Became a worshipper of Warmaster Okawaru
  4309 | D:3      | Found a hide-covered altar of Uskayaw.
  4504 | D:3      | Reached skill level 7 in Crossbows
  4800 | D:3      | Noticed Terence
  4833 | D:3      | Killed Terence
  4977 | D:4      | Noticed a phantom
  5192 | D:4      | Noticed an ogre
  5259 | D:4      | Reached XP level 6. HP: 25/37 MP: 6/6
  5372 | D:4      | Found a staircase to the Ecumenical Temple.
  5468 | D:4      | Killed an ogre
  5601 | D:4      | Reached XP level 7. HP: 41/41 MP: 9/9
  5665 | D:4      | You fall into a shaft and drop 2 floors!
  5673 | D:6      | Slain by a wight

Illustrated notes

Levels and vault maps discovered:
D:1:      evilmike_arrival_rings, layout_basic,
          chequers_ecumenical_altar_simple_redux
D:2:      layout_loops_cross, serial_shops, nicolae_shop_bloodbath_and_beyond
D:3:      layout_basic, eat_drink_and_be_merry_uskayaw,
          mainiacjoe_overflow_six_doors_small, uniq_terence
D:4:      layout_cave_pools, jmf_multi_god_temple2, jmf_multi_god_temple,
          minmay_temple_entry_stoned_glass, serial_column_ruins,
          column_ruins_columns_straight, column_ruins_grid_1,
          column_ruins_open_tiny, column_ruins_open_small,
          column_ruins_open_large, column_ruins_corridor_straight,
          grunt_decor_clamped
D:6:      layout_basic, mainiacjoe_overflow_paths, tso_metal_star,
          kennysheep_generic_room_14

Skill      XL: |  1  2  3  4  5  6  7 |
---------------+----------------------+-----
Crossbows      | 5 6 7 |  7.6
Fighting       | 3 |  3.0
Dodging        | 3 |  3.0
Invocations    | 3 4 |  4.2
Stealth        | |  1.3

Action                   |  1- 3 |  4- 6 |  7- 9 || total
-------------------------+-------+-------+-------++-------
Melee: Short sword       |   103 |    69 |       ||   172
       Punch             |     2 |     2 |       ||     4
       Dagger            |    10 |     9 |       ||    19
       Morningstar       |       |    13 |       ||    13
       Flail             |       |    23 |    13 ||    36
 Fire: Hand crossbow     |    12 |    39 |    10 ||    61
 Stab: Sleeping          |    13 |    10 |       ||    23
Armor: Leather armour    |    32 |    26 |     1 ||    59
Dodge: Dodged            |    93 |   108 |    29 ||   230
